Unix NetHack Version 5.0.0-0 post-release - last build May 10 2026 23:12:36 (d1fa5d53e341ca933230fdaa984d921c805b60aa,branch:main).

Game began 2026-05-16 21:25:50, ended 2026-05-16 23:14:22.

IanCurtis, chaotic male elven Wizard

                          --------
                         `.*.....|
              --------   #|......+
              .$...>^.####......||
              |....@.|####|......|
              |......-##  |.......
              --------#   .......|
                     ##   --------
                     #
                    ##
                    #------
                    %|>...|#
                    #.)[..|#*####
                     |.)..-#   ##                               ---+-------
                     ------    #---------------           ##    |.........|
                               #|.............-#### ------######|..`<.....|
                               #|.............|   # |....|#    #..........|
                               #-.............|   ##-....-#     -----------
                                ---------------     ------

IanCurtis the Conjurer    St:10 Dx:12 Co:13 In:20 Wi:13 Ch:8  Chaotic
Dlvl:3  $:33 HP:0(18) Pw:12(27) AC:8  Xp:3 T:1062  Blind Deaf

Latest messages:
 You disarm the trap.
 E - a food ration.
 You hear a door open.
 The kitten picks up a dart.
 You stop searching.
 The kitten drops a dart.
 You hit the dwarf zombie!
 The dwarf zombie hits!
 You destroy the dwarf zombie!
 The kitten picks up a dart.
 You see here a dwarf corpse.
 You miss the cave spider.
 The cave spider bites!
 You miss the cave spider.
 The cave spider bites!
 You miss the cave spider.
 You hit the cave spider!
 The cave spider bites!
 You miss the cave spider.
 The cave spider bites!
 You kill the cave spider!
 The cave spider bites!
 You miss the cave spider.
 You miss the cave spider.
 The cave spider bites!
 You miss the cave spider.
 The cave spider bites!
 In what direction? u
 The spell hits the cave spider!
 You kill the cave spider!
 You see here a cave spider corpse.
 There is a cave spider corpse here; eat it? [ynq] (n) y
 This cave spider corpse tastes okay.
 You finish eating the cave spider corpse.
 You feel healthy.
 Something is engraved here on the headstone.
 You read: "Could you check again?  My name MUST be there."
 You see here a scroll of light.
 F - a scroll of light.
 You are momentarily blinded by a flash of light!
 You hear a deafening roar!
 Wait!  There's something there you can't see!
 It bites!
 It bites!
 In what direction? b
 The spell hits it!
 You kill it!
 It bites!
 You die...
 Do you want your possessions identified? [ynq] (y) q

Inventory:
 Coins    ('$')
  $ - 33 gold pieces
 Amulets  ('"')
  B - an uncursed amulet of guarding
 Weapons  (')')
  a - a blessed +1 quarterstaff (weapon in hands)
 Armor    ('[')
  v - an uncursed +0 pair of speed boots (being worn)
  b - an uncursed +0 cloak of magic resistance (being worn)
 Comestibles  ('%')
  r - an uncursed slime mold
  q - an uncursed food ration
  E - a cursed food ration
  D - an uncursed lembas wafer
  x - an uncursed lichen corpse
 Scrolls  ('?')
  C - an uncursed scroll of amnesia
  z - an uncursed scroll of confuse monster
  j - an uncursed scroll of enchant weapon
  k - a blessed scroll of identify
  i - an uncursed scroll of light
  F - a cursed scroll of light
 Spellbooks  ('+')
  l - a blessed spellbook of force bolt
  m - an uncursed spellbook of knock
 Potions  ('!')
  g - an uncursed potion of confusion
  u - an uncursed potion of extra healing
  w - 2 uncursed potions of healing
  t - an uncursed potion of levitation
  y - an uncursed potion of speed
  f - an uncursed potion of water
  h - an uncursed potion of water
 Rings    ('=')
  d - an uncursed ring of poison resistance
  e - an uncursed ring of searching
 Wands    ('/')
  c - a wand of make invisible (0:5)
 Tools    ('(')
  o - an uncursed blindfold
  n - a magic marker (0:20)

IanCurtis the Wizard's attributes:

Background:
 You were a Conjurer, a level 3 male elven Wizard.
 You were chaotic, on a mission for Anhur
 who was opposed by Ptah (lawful) and Thoth (neutral).
 You were right-handed.
 You were in the Dungeons of Doom, on level 3.
 You entered the dungeon 1062 turns ago.
 It was nighttime.
 There was a new moon in effect when your adventure ended.
 You had 55 experience points, 25 more were needed to attain level 4.

Basics:
 You had 0 out of 18 hit points.
 You had 12 out of 27 energy points (spell power).
 Your armor class was 8.
 Your wallet contained 33 zorkmids.
 Autopickup was off.

Final Characteristics:
 Your strength was 10 (limit:18).
 Your dexterity was 12 (limit:18).
 Your constitution was 13 (limit:16).
 Your intelligence was 20 (limit:20).
 Your wisdom was 13 (limit:20).
 Your charisma was 8 (limit:18).

Final Status:
 You were temporarily blind.
 You were deaf.
 You weren't hungry.
 You were unencumbered.
 You were wielding a quarterstaff.
 You had basic skill with quarterstaff.

Final Attributes:
 You were devoutly aligned.
 You were magic-protected.
 You were poison resistant.
 You had infravision.
 You were warded.
 You were very fast.
 You are dead.

Miscellaneous:
 You didn't encounter any bones levels.
 Total elapsed playing time was 13 minutes and 14 seconds.

Major events:
 Turn
    1: IanCurtis the chaotic male elven Wizard entered the dungeon
  768: attained the rank of Conjurer (level 3)
 1062: killed by a giant rat

Spells:
 Name                 Level Category     Fail Retention
 force bolt             1   attack         0%  91%-100%
 knock                  1   matter         0%  76%-100%

Skills:
 Fighting Skills
   bare handed combat [Unskilled]
   riding             [Unskilled]
 Weapon Skills
   dagger             [Unskilled]
   knife              [Unskilled]
   axe                [Unskilled]
   short sword        [Unskilled]
   club               [Unskilled]
   mace               [Unskilled]
   quarterstaff       [Basic]
   polearms           [Unskilled]
   spear              [Unskilled]
   trident            [Unskilled]
   sling              [Unskilled]
   dart               [Unskilled]
   shuriken           [Unskilled]
 Spellcasting Skills
   attack spells      [Basic]
   healing spells     [Unskilled]
   divination spells  [Unskilled]
   enchantment spells [Basic]
   clerical spells    [Unskilled]
   escape spells      [Unskilled]
   matter spells      [Unskilled]

Voluntary challenges:
 Character rerolling was not enabled.
 You never genocided any monsters.
 You never polymorphed an object.
 You never changed form.
 You used no wishes.
Achievements:
 You entered a shop.
 You attained the rank of Conjurer.

 The Dungeons of Doom: levels 1 to 3
    Level 1:
    Level 2:
       A general store, an altar to Anhur, some sinks.
    Level 3: <- You were here.
       A grave.
       Final resting place for
          you, killed by a giant rat.


Vanquished creatures:
  a dwarf zombie
 an acid blob
  a giant rat
  2 cave spiders
  7 jackals
  a fox
  3 kobolds
  2 sewer rats
  a grid bug
  5 lichens
  2 newts
26 creatures vanquished.

No species were genocided or became extinct.

Game over:
                       ----------
                      /          \
                     /    REST    \
                    /      IN      \
                   /     PEACE      \
                  /                  \
                  |    IanCurtis     |
                  |      33 Au       |
                  |   killed by a    |
                  |    giant rat     |
                  |                  |
                  |                  |
                  |       2026       |
                 *|     *  *  *      | *
        _________)/\\_//(\/(/\)/\//\/|_)_______

Goodbye IanCurtis the Wizard...

You died in The Dungeons of Doom on dungeon level 3 with 350 points,
and 33 pieces of gold, after 1062 moves.
You were level 3 with a maximum of 18 hit points when you died.

